 Dungeon Crawl Stone Soup version 0.31-a0-981-geadf994542 (webtiles) character file.

Game seed: 16528507999053373551

387 horus123 the Conjurer (level 6, -2/32 HPs)
             Began as a Deep Elf Conjurer on Nov 1, 2023.
             Slain by Pikel
             ... wielding a +0 whip of electrocution
              (7 damage)
             ... on level 4 of the Dungeon.
             The game lasted 00:07:28 (3230 turns).

horus123 the Conjurer (Deep Elf Conjurer)           Turns: 3230, Time: 00:07:29

Health: -2/32      AC:  3    Str:  4    XL:     6   Next: 49%
Magic:  7/15       EV: 12    Int: 25    God:
Gold:   150        SH:  0    Dex: 13    Spells: 4/15 levels left

rFire   . . .        e - +0 short sword
rCold   . . .        (no shield)
rNeg    . . .        a - +0 robe
rPois   .            (no helmet)
rElec   .            g - scarf {harm}
rCorr   .            r - +0 pair of gloves
SInv    .            (no boots)
Will    .....        j - amulet of faith
Stlth   ++           (no ring)
HPRegen 0.25/turn    (no ring)
MPRegen 0.14/turn

%: harm (+30% outgoing, +20% incoming), faith
@: no status effects
A: no striking features
a: no special abilities


You were on level 4 of the Dungeon.
You visited 1 branch of the dungeon, and saw 4 of its levels.

You collected 150 gold pieces.

Inventory:

Hand Weapons
 e - a +0 short sword (weapon)
 q - a +0 war axe of flaming
Armour
 a - a +0 robe (worn)
 g - a scarf of harm (worn)
 r - a +0 pair of gloves (worn)
Jewellery
 j - an amulet of faith (around neck)
Scrolls
 c - 2 scrolls of identify {unknown}
 d - a scroll of vulnerability {unknown}
 f - a scroll of revelation {unknown}
 k - 2 scrolls of poison {unknown}
 l - 3 scrolls of teleportation {unknown}
 p - a scroll of acquirement {unknown}
Potions
 b - a potion of magic
 h - 4 potions of heal wounds {unknown}
 i - a potion of attraction {unknown}
 m - a potion of curing {unknown}
 n - 3 potions of brilliance {unknown}
 o - 2 potions of cancellation {unknown}


   Skills:
 - Level 2.4 Dodging
 - Level 2.4 Stealth
 - Level 5.0 Spellcasting
 - Level 6.2 Conjurations
 + Level 4.7 Fire Magic


You had 4 spell levels left.
You knew the following spells:

 Your Spells              Type           Power      Damage    Failure   Level
a - Magic Dart            Conj           100%       1d8       1%          1
b - Searing Ray           Conj           74%        2d7       1%          2
c - Mephitic Cloud        Conj/Pois/Air  16%        N/A       11%         3
d - Fireball              Conj/Fire      16%        3d8       24%         5

Your spell library contained the following spells:

 Spells                   Type           Power      Damage    Failure   Level
 Dazzling Flash           Conj/Hex       42%        N/A       7%          3
 Call Imp                 Summ           12%        N/A       12%         2
 Ensorcelled Hibernation  Hex/Ice        12%        N/A       12%         2
 Passwall                 Tmut/Erth      5%         N/A       12%         2
 Fulminant Prism          Conj/Hex       10%        3d8       22%         4
 Iskenderun's Mystic Bla  Conj/Tloc      21%        2d6       22%         4
 Swiftness                Air            6%         N/A       24%         3
 Cause Fear               Hex            3%         N/A       63%         4
 Dragon's Call            Summ           3%         N/A       100%        9


Dungeon Overview and Level Annotations

Branches:
Dungeon (4/15)
 Temple: D:4-7

Altars:
Okawaru
Trog

Annotations:
D:1 1 transporter
D:4 Pikel


Message History

(Press . to maintain the ray.)
The lemure shouts!
You hear a shout!
A lemure comes into view.
There are no items here.
The searing ray hits the lemure!
The lemure is heavily wounded.
The searing ray hits Pikel!
Pikel is moderately wounded.
The searing ray hits the lemure!
The lemure is almost dead.
The searing ray hits the lemure.
The lemure is lightly wounded.
The searing ray hits the lemure.
You kill the lemure!
That felt strangely unrewarding.
The searing ray misses Pikel.
The searing ray hits the lemure!
The lemure is severely wounded.
You finish channelling your searing ray.
Casting: Searing Ray (safe; 1% risk of failure)
Confirm with . or Enter, or press ? or * to list all spells.
Aiming: Searing Ray (safe; 1% risk of failure)
Press: ? - help, Shift-Dir - straight line, f/p - lemure
Aim: a lemure (severely wounded, 76% to hit)
The searing ray hits Pikel!
Pikel is severely wounded.
The searing ray hits the lemure.
The lemure is almost dead.
The searing ray hits the lemure.
The lemure is lightly wounded. (Press . to maintain the ray.)
The searing ray hits the lemure.
You kill the lemure!
That felt strangely unrewarding.
Pikel hits you with a +0 whip of electrocution!
You are electrocuted!
* * * LOW HITPOINT WARNING * * *
Unknown command.
Pikel hits you with a +0 whip of electrocution.
You die...
Pikel says, "Another soul for the market."

#.....#...#
#.........######
######....#.........#
#....'....#..#.####.#
##.####....#..#.#
#..<..'.......#.#
##.####....#..#.#
#........)).....
#..###K@..#)...#
#..5.5....).....
#...#####....#.. #..
....# #. ......
#######


You could see Pikel and 2 lemures.

Vanquished Creatures
  A wyvern (D:4)
  2 lemures (D:4)
  A jelly (D:4)
  Jessica (D:3)
  7 gnolls
  3 adders
  4 worms
  A dart slug (D:1)
  7 orcs
  6 ball pythons
  3 endoplasms
  5 giant cockroaches
  3 goblins
  3 hobgoblins
  3 jackals (D:1)
  6 kobolds
  3 quokkas
  4 bats (D:1)
  5 frilled lizards
  7 rats
75 creatures vanquished.

Notes
Turn   | Place    | Note
-------+----------+-------------------------------------------
     0 | D:1      | horus123 the Deep Elf Conjurer began the quest for the Orb.
     0 | D:1      | Reached XP level 1. HP: 10/10 MP: 6/6
    91 | D:1      | Reached XP level 2. HP: 15/15 MP: 1/9
   667 | D:1      | Learned a level 2 spell: Searing Ray
  1239 | D:2      | Reached XP level 3. HP: 19/19 MP: 9/11
  1323 | D:2      | Reached skill level 5 in Spellcasting
  1361 | D:2      | Learned a level 3 spell: Mephitic Cloud
  1818 | D:3      | Reached skill level 5 in Conjurations
  1818 | D:3      | Reached XP level 4. HP: 24/24 MP: 3/13
  1960 | D:3      | Noticed Jessica
  1962 | D:3      | Killed Jessica
  2226 | D:3      | Reached skill level 6 in Conjurations
  2350 | D:3      | Noticed a moth of wrath
  2354 | D:3      | Found a bloodstained altar of Trog.
  2444 | D:3      | Reached XP level 5. HP: 23/28 MP: 12/14
  2629 | D:3      | Learned a level 5 spell: Fireball
  2641 | D:4      | Reached skill level 1 in Fire Magic
  2823 | D:4      | Found an iron altar of Okawaru.
  2951 | D:4      | Noticed a wyvern
  2956 | D:4      | Killed a wyvern
  2957 | D:4      | Reached XP level 6. HP: 6/32 MP: 7/15
  3223 | D:4      | Noticed Pikel
  3230 | D:4      | Slain by Pikel

Illustrated notes

Levels and vault maps discovered:
D:1:      spicycebolla_arrival_transporter_tutorial, layout_basic
D:2:      layout_rooms, kennysheep_decorative_pillar, wad_orctagon
D:3:      layout_basic, tgw_trog, minmay_misc_feat_roman, minmay_fountain_box,
          serial_bayou_lagoon_a, uniq_jessica
D:4:      layout_basic, lemuel_round_altar, mainiacjoe_overflow_alcove_2,
          uniq_pikel

Skill      XL: |  1  2  3  4  5 |
---------------+----------------+-----
Spellcasting   | 4 5 |  5.0
Conjurations   | 5 6 |  6.2
Fire Magic     | 4 |  4.7
Dodging        | |  2.4
Stealth        | |  2.4

Action                     |  1- 3 |  4- 6 || total
---------------------------+-------+-------++-------
  Melee: Short sword       |       |     1 ||     1
   Cast: Magic Dart        |    60 |    52 ||   112
         Searing Ray       |     1 |     7 ||     8
 Armour: Robe              |     1 |     8 ||     9
  Dodge: Dodged            |     4 |     7 ||    11

Table legend: (Time is in decaauts)
 A = Elapsed time spent in this place.
 B = Non-inter-level travel time spent in this place.
 C = Inter-level travel time spent in this place.
 D = Time resting spent in this place.
 E = Time spent auto-exploring this place.
 F = Levels seen in this place.
 G = Mean time per level.
                   A        B        C        D        E       F      G
               +--------+--------+--------+--------+--------+-----+--------+
         Total |   3234 |   3177 |     57 |    173 |   2579 |   4 |  808.5 |
       Dungeon |   3234 |   3177 |     57 |    173 |   2579 |   4 |  808.5 |
               +--------+--------+--------+--------+--------+-----+--------+

Top non-repeatable levels by time:
     D:1: 1134 daAuts
     D:3: 891 daAuts
     D:2: 612 daAuts
     D:4: 595 daAuts
